 Dungeon Sprint DCSS version 0.26-a0-969-g2c58977ddd (webtiles) character file.

Game seed: 14775421185961697708

802 Conn the Arsonist (level 7, -12/52 HPs)
             Began as an Octopode Fire Elementalist on Dec 4, 2020.
             Was an Initiate of Vehumet.
             Mangled by a boulder beetle (64 damage)
             ... in the Dungeon (Sprint II: "The Violet Keep of Menkaure").
             The game lasted 00:11:22 (557 turns).

Conn the Arsonist (Octopode Fire Elementalist)       Turns: 557, Time: 00:11:23

Health: -12/52     AC:  1    Str:  8    XL:     7   Next: 90%
Magic:  10/16      EV: 16    Int: 19    God:    Vehumet [......]
Gold:   492        SH:  0    Dex: 12    Spells: 3/18 levels left

rFire    . . .     SeeInvis .     - Unarmed
rCold    . . .     Faith    .   (no shield)
rNeg     . . .     Spirit   .   (helmet restricted)
rPois    .         Reflect  .   (no amulet)
rElec    .         Harm     .   (no ring)
rCorr    .         Rampage  .   (no ring)
MR       .....     NoTele   +   (no ring)
Stlth    +++++.....             (no ring)
HPRegen  0.17/turn              (no ring)
MPRegen  0.15/turn              (no ring)
                                (no ring)
                                (no ring)

@: no status effects
A: almost no armour, stealthy swim, amphibious, 8 rings, constrict 8, camouflage
1, gelatinous body 1
a: Renounce Religion


You were in the Dungeon.
You worshipped Vehumet.
Vehumet was noncommittal.
You visited 1 branch You collected 972 gold pieces.
You spent 480 gold pieces at shops.

Inventory:

Armour
 a - a +2 buckler of resistance
Scrolls
 g - a scroll of blinking
Potions
 c - a potion of heal wounds
 e - 2 potions of magic


   Skills:
 + Level 6.0 Fighting
 * Level 6.8 Dodging
 + Level 7.7 Stealth
 + Level 3.7 Unarmed Combat
 + Level 6.2 Spellcasting
 * Level 4.2 Conjurations
 * Level 2.7 Summonings
 + Level 2.8 Translocations
 + Level 9.5 Fire Magic


You had 3 spell levels left.
You knew the following spells:

 Your Spells              Type           Power        Failure   Level
a - Foxfire               Conj/Fire      ####         1%          1
b - Conjure Flame         Conj/Fire      ####....     1%          3
c - Inner Flame           Hex/Fire       ###.....     4%          3
d - Sticky Flame          Conj/Fire      ####....     6%          4
e - Blink                 Tloc           N/A          5%          2
f - Call Imp              Summ           ###.....     5%          2

Your spell library contained the following spells:

 Spells                   Type           Power        Failure   Level
 Magic Dart               Conj           ###.         1%          1
 Slow                     Hex            #.......     17%         2
 Mephitic Cloud           Conj/Pois/Air  ##......     19%         3
 Fireball                 Conj/Fire      ####......   19%         5


Dungeon Overview and Level Annotations

Branches:
Dungeon (1/1)

Altars:
Cheibriados
Dithmenos
Elyvilon
Fedhas
Gozag
Hepliaklqana
Kikubaaqudgha
Makhleb
Nemelex Xobeh
Okawaru
Qazlal
Ru
Sif Muna
Trog
Uskayaw
Vehumet
Wu Jian
Xom
Yredelemnul
Zin
The Shining One
Beogh
Jiyva
Lugonu

Shops:
D (!:[(=![(:}:(=?

Annotations:
D exclusion: oklob plant


Innate Abilities, Weirdness & Mutations

You cannot wear most types of armour.
You are very stealthy in the water. (Stealth+)
You are amphibious.
You can wear up to eight rings at the same time.
You can use your tentacles to constrict eight enemies at once.
Your skin changes colour to match your surroundings (Stealth+).
Your rubbery body absorbs attacks. (AC +1, EV +1)


Message History

Your Spellcasting skill increases to level 6!
Your Conjurations skill gained 2 levels and is now at level 4!
Your Summonings skill gained 2 levels and is now at level 2!
Your Fire Magic skill increases to level 9!
Unknown command.
There is an open door here.
Things that are here:
a +0 spear; a merfolk corpse
There is an open door here.
Found 243 gold pieces.
You now have 249 gold pieces (gained 243).
There is an open door here.
There is a staircase leading out of the dungeon here.
You open the door.
The boulder beetle curls into a ball and begins rolling!
There is an open door here.
You now have 492 gold pieces (gained 243).
The boulder beetle hits you!!!
Ouch! That really hurt!
You die...

≈## ○≈≈○ #######≈≈#+++#+++##
######≈≈≈.........#
.....#≈≈≈≈.##+##..#
.⌠...#≈≈≈≈##.#.##.#### .##.
∩.∩..#≈≈≈≈#..#..# ...# .^.#
.∩.∩.#≈≈#####.#####..## #..# h#▓
∩.∩.∩#≈##.###'###.##..# +..# y#▓
...∩.#≈#...##.##@..#..# #..# .#▓
....∩+≈+.#.'.<.B###'..####..##.#▓
.....#≈#...##)##○B.#....###^..##▓
▓▓▓###≈##.###'# #.##......≈≈≈≈≈≈h
######≈≈####..#####≈≈....§≈#y####


#ll ##≈≈≈#..##.#≈≈≈§≈≈≈§.≈#.._.. +.$#+ #+#≈##.#.##≈≈≈§≈≈≈§.≈#._._. #[##.
#≈≈##+##≈≈≈§≈§≈≈≈≈§#_._._ ###.. ##≈≈≈≈≈†≈≈≈§≈≈≈§§§≈#._._. You could see a
boulder beetle.

Vanquished Creatures
  A merfolk siren (D)
  A polar bear (D)
  Menkaure (D)
  2 water moccasins (D)
  4 worker ants (D)
  3 worms (D)
12 creatures vanquished.

Vanquished Creatures (others)
  36 foxfires (D)
36 creatures vanquished.

Grand Total: 48 creatures vanquished

Notes
Turn   | Place    | Note
-------+----------+-------------------------------------------
     0 | D        | Conn the Octopode Fire Elementalist began the quest for the
                  | Orb.
     0 | D        | Reached XP level 1. HP: 11/11 MP: 3/3
     1 | D        | Noticed a merfolk siren
     7 | D        | Noticed a boulder beetle
     7 | D        | Noticed a boulder beetle
    10 | D        | Noticed a worker ant
    10 | D        | Noticed a worker ant
    16 | D        | Killed a worker ant
    17 | D        | Reached skill level 4 in Fire Magic
    17 | D        | Reached XP level 2. HP: 19/19 MP: 3/5
    18 | D        | Reached skill level 5 in Fire Magic
    18 | D        | Reached XP level 3. HP: 25/25 MP: 4/7
    25 | D        | Reached XP level 4. HP: 22/31 MP: 4/8
    28 | D        | Reached skill level 1 in Unarmed Combat
    28 | D        | Reached skill level 6 in Fire Magic
    40 | D        | Learned a level 3 spell: Conjure Flame
    44 | D        | Learned a level 3 spell: Inner Flame
    45 | D        | Noticed Menkaure
    51 | D        | Killed Menkaure
    52 | D        | Reached XP level 5. HP: 12/37 MP: 5/10
    62 | D        | Noticed a water moccasin
    69 | D        | Learned a level 4 spell: Sticky Flame
   102 | D        | Found Lijoy's Magic Scroll Emporium.
   106 | D        | Found Zagaczof's Weapon Shoppe.
   109 | D        | Found Gamuang's Gadget Emporium.
   122 | D        | Found Canitzaud's Weapon Shoppe.
   123 | D        | Found Aqaoxt's Antique Armour Shoppe.
   123 | D        | Found Peiloan's Book Shoppe.
   123 | D        | Found Kantuty's Distillery.
   124 | D        | Found Qyeryzxa's Book Emporium.
   124 | D        | Found Cecvaihe's Jewellery Emporium.
   124 | D        | Noticed a hell hog
   125 | D        | Found Ikojusoh's Jewellery Shoppe.
   127 | D        | Found Ditim's Weapon Shoppe.
   127 | D        | Found Anali's Antique Armour Emporium.
   127 | D        | Noticed a hell hog
   127 | D        | Noticed an oklob plant
   130 | D        | Noticed a black bear
   131 | D        | Noticed a black bear
   135 | D        | Killed a water moccasin
   136 | D        | Reached skill level 5 in Fighting
   136 | D        | Reached skill level 5 in Dodging
   136 | D        | Reached skill level 5 in Stealth
   136 | D        | Reached skill level 7 in Fire Magic
   136 | D        | Reached XP level 6. HP: 8/45 MP: 3/12
   138 | D        | Found Hodif's Distillery.
   138 | D        | Found Yfyh's Antique Weapon Emporium.
   138 | D        | Found Seoko's Book Shoppe.
   138 | D        | Noticed a black bear
   138 | D        | HP: 2/45 [poisoned by a water moccasin]
   146 | D        | Bought a book of Minor Magic for 220 gold pieces
   149 | D        | Learned a level 2 spell: Blink
   152 | D        | Noticed a wyvern
   153 | D        | Noticed a wyvern
   154 | D        | Bought a runed buckler for 225 gold pieces
   156 | D        | Noticed a wyvern
   166 | D        | Bought a scroll of fear for 35 gold pieces
   174 | D        | Noticed a water moccasin
   185 | D        | Killed a water moccasin
   186 | D        | Reached skill level 1 in Translocations
   186 | D        | Reached skill level 8 in Fire Magic
   205 | D        | Found a stormy altar of Qazlal.
   205 | D        | Found an ornate altar of the Wu Jian Council.
   206 | D        | Found a hazy altar of Hepliaklqana.
   206 | D        | Found a sacrificial altar of Ru.
   206 | D        | Found a shimmering altar of Xom.
   207 | D        | Found a roughly hewn altar of Beogh.
   207 | D        | Found a viscous altar of Jiyva.
   207 | D        | Found a shimmering blue altar of Sif Muna.
   208 | D        | Found a snail-covered altar of Cheibriados.
   208 | D        | Found an ancient bone altar of Kikubaaqudgha.
   208 | D        | Found a bloodstained altar of Trog.
   209 | D        | Found a shadowy altar of Dithmenos.
   209 | D        | Found a corrupted altar of Lugonu.
   210 | D        | Found a white marble altar of Elyvilon.
   210 | D        | Found a burning altar of Makhleb.
   211 | D        | Found a blossoming altar of Fedhas.
   213 | D        | Found an opulent altar of Gozag.
   213 | D        | Found a glowing golden altar of the Shining One.
   213 | D        | Found a basalt altar of Yredelemnul.
   213 | D        | Found a hide-covered altar of Uskayaw.
   213 | D        | Found a sparkling altar of Nemelex Xobeh.
   214 | D        | Found a glowing silver altar of Zin.
   214 | D        | Found a radiant altar of Vehumet.
   214 | D        | Found an iron altar of Okawaru.
   216 | D        | Noticed a water moccasin
   217 | D        | Noticed a water moccasin
   219 | D        | Noticed a flying skull
   222 | D        | Became a worshipper of Vehumet
   224 | D        | Noticed a flying skull
   225 | D        | Noticed a flying skull
   243 | D        | Noticed a hornet
   243 | D        | Noticed a polar bear
   243 | D        | Noticed a yaktaur
   245 | D        | Noticed a polar bear
   247 | D        | Noticed a polar bear
   262 | D        | Noticed a water moccasin
   268 | D        | Noticed a flying skull
   268 | D        | Noticed a flying skull
   275 | D        | Noticed a flying skull
   381 | D        | Noticed a flying skull
   381 | D        | Noticed a flying skull
   381 | D        | Noticed a flying skull
   382 | D        | Noticed a flying skull
   382 | D        | Noticed a flying skull
   424 | D        | Killed a polar bear
   425 | D        | Reached skill level 5 in Spellcasting
   425 | D        | Reached XP level 7. HP: 35/52 MP: 2/15
   516 | D        | Learned a level 2 spell: Call Imp
   537 | D        | Killed a merfolk siren
   538 | D        | Reached skill level 9 in Fire Magic
   557 | D        | Mangled by a boulder beetle

Illustrated notes

Levels and vault maps discovered:
D:        the_violet_keep_of_menkaure [sprint2_stairs_cluster_1,
          sprint2_shoproom, sprint2_temple, sprint2_basic_supplies,
          sprint2_obstacle_7, sprint2_obstacle_1, sprint2_obstacle_5,
          sprint2_obstacle_3, sprint2_obstacle_4, sprint2_timed_cluster_1,
          sprint2_smallroom_cluster_1, sprint2_smallroom_final_cluster_1,
          sprint2_transparent_cluster_1, sprint2_second_timed_cluster_1,
          sprint2_sniper_area_1, sprint2_heavy_combat_area_1,
          sprint2_mutation_trap_area_1, sprint2_forest_area_1,
          sprint2_light_combat_area_1, sprint2_behind_water_1,
          sprint2_near_end_vault_1]

Skill      XL: |  1  2  3  4  5  6  7 |
---------------+----------------------+-----
Fighting       | 2 3 4 5 6 |  6.0
Dodging        | 3 4 5 6 |  6.8
Stealth        | 3 4 5 6 7 |  7.7
Fire Magic     | 4 5 6 7 8 9 |  9.5
Spellcasting   | 3 4 5 6 |  6.2
Unarmed Combat | 1 2 3 |  3.7
Conjurations   | 2 4 |  4.2
Translocations | 2 |  2.8
Summonings     | 2 |  2.7

Action                   |  1- 3 |  4- 6 |  7- 9 || total
-------------------------+-------+-------+-------++-------
Melee: Unarmed           |    10 |     3 |       ||    13
       Tentacles         |     4 |       |       ||     4
       Constrict         |     3 |     1 |       ||     4
 Cast: Foxfire           |       |    16 |     5 ||    21
       Conjure Flame     |       |     1 |     1 ||     2
       Sticky Flame      |       |     1 |       ||     1
  Use: Potion            |     2 |     1 |       ||     3
       Scroll            |       |     1 |       ||     1
Armor: Skin              |     1 |       |       ||     1
Dodge: Dodged            |     5 |     6 |       ||    11

Table legend: (Time is in decaauts)
 A = Elapsed time spent in this place.
 B = Non-inter-level travel time spent in this place.
 C = Inter-level travel time spent in this place.
 D = Time resting spent in this place.
 E = Time spent auto-exploring this place.
 F = Levels seen in this place.
 G = Mean time per level.
                   A        B        C        D        E       F      G
               +--------+--------+--------+--------+--------+-----+--------+
         Total |    546 |    546 |      0 |    183 |      0 |   1 |  546.0 |
       Dungeon |    546 |    546 |      0 |    183 |      0 |   1 |  546.0 |
               +--------+--------+--------+--------+--------+-----+--------+

Top non-repeatable levels by time:
       D: 546 daAuts
